 Dungeon Crawl Stone Soup version 0.29.1-15-g9cfb28693d (webtiles) character file.

Game seed: 769707959301551427

357 safid the Chiller (level 6, 0/48 HPs)
             Began as a Merfolk Ice Elementalist on Mar 17, 2023.
             Slain by a scorpion (6 damage)
             ... on level 4 of the Dungeon.
             The game lasted 00:05:51 (3725 turns).

safid the Chiller (Merfolk Ice Elementalist)        Turns: 3725, Time: 00:05:53

Health: 0/48       AC:  3    Str: 14    XL:     6   Next: 64%
Magic:  3/11       EV: 16    Int: 16    God:
Gold:   171        SH:  0    Dex: 15    Spells: 5/12 levels left

rFire   . . .      SeeInvis .   f - +0 hand crossbow
rCold   . . .      Faith    .   (no shield)
rNeg    . . .      Spirit   .   a - +0 robe
rPois   .          Reflect  .   (no helmet)
rElec   .          Harm     .   (no cloak)
rCorr   .          Rampage  .   p - +0 pair of gloves
Will    .....                   (no boots)
Stlth   ++........              (no amulet)
HPRegen 0.16/turn               h - +6 ring of strength
MPRegen 0.12/turn               r - +4 ring of evasion

@: lethally poisoned (0 -> -11), flying
A: (nimble swimmer 2), mertail
a: no special abilities


You were on level 4 of the Dungeon.
You visited 1 branch of the dungeon, and saw 4 of its levels.

You collected 171 gold pieces.

Inventory:

Hand Weapons
 f - a +0 hand crossbow (weapon)
 o - the +4 trident "Famofi" {drain, *Slow rF++ rN+ Int+4}
   (You found it on level 3 of the Dungeon)

   A truly terrible weapon, it drains the life of any living foe it strikes.
   Int:       It affects your intelligence (+4).
   rF:        It greatly protects you from fire.
   rN:        It protects you from negative energy.
   *Slow:     It may slow you when you take damage.
Armour
 a - a +0 robe (worn)
 p - a +0 pair of gloves (worn)
Jewellery
 h - a +6 ring of strength (left hand)
 r - a +4 ring of evasion (right hand)
Scrolls
 c - 2 scrolls of torment {unknown}
 e - 7 scrolls of identify {unknown}
 g - 2 scrolls of blinking {unknown}
 i - a scroll of brand weapon {unknown}
 k - 2 scrolls of teleportation {unknown}
 l - a scroll of poison {unknown}
 m - 2 scrolls of immolation {unknown}
 n - a scroll of summoning {unknown}
Potions
 b - a potion of magic
 d - a potion of invisibility {unknown}


   Skills:
 + Level 3.9 Fighting
 - Level 2.6 Dodging
 - Level 2.1 Stealth
 + Level 3.9 Spellcasting
 + Level 6.0 Ice Magic


You had 5 spell levels left.
You knew the following spells:

 Your Spells              Type           Power      Damage    Failure   Level
a - Freeze                Ice            88%        1d10      1%          1
b - Frozen Ramparts       Ice            44%        1d7       4%          3
c - Ozocubu's Armour      Ice            22%        N/A       4%          3

Your spell library contained the following spells:

 Spells                   Type           Power      Damage    Failure   Level
 Hailstorm                Conj/Ice       12%        3d5       43%         4


Dungeon Overview and Level Annotations

Branches:
Dungeon (4/15)
 Temple: D:4-7

Altars:

Shops:
D:1 !

Annotations:
D:3 1 runed translucent door, Crazy Yiuf


Innate Abilities, Weirdness & Mutations

((You are very nimble when in or above water. (Stealth+, EV+, Speed+++)))
Your lower body shifts to a powerful aquatic tail in water.


Message History

The hound barely misses you.
The wall freezes the gnoll.
The gnoll completely misses you.
You shoot a bolt. The bolt barely misses the gnoll.
You feel very sick. The hound misses you.
The wall freezes the scorpion.
The scorpion stings you. The hound bites you.
The wall freezes the gnoll!
You kill the gnoll!
The wall freezes the scorpion but does no damage.
The scorpion completely misses you. The hound barely misses you.
The wall freezes the scorpion.
The scorpion misses you.
You shoot a bolt.
The bolt hits the scorpion but does no damage.
The scorpion is heavily wounded.
You feel sick. The hound completely misses you.
The wall freezes the scorpion.
The scorpion stings you.
You are more poisoned.
The scorpion poisons you! The hound bites you.
The wall freezes the scorpion but does no damage.
The scorpion barely misses you. The hound misses you.
You are too injured to fight recklessly!
Unknown command.
It was a potion of cancellation.
Your magical effects are unravelling.
You feel magically purged.
Your icy armour evaporates.
The frozen ramparts melt away.
* * * LOW HITPOINT WARNING * * *
You feel very sick. The hound bites you.
* * * LOW HITPOINT WARNING * * *
The scorpion stings you.
* * * LOW HITPOINT WARNING * * *
Unknown command.
It was a potion of flight.
You feel very buoyant.
You fly up into the air.
* * * LOW HITPOINT WARNING * * *
You feel very sick. The hound misses you. The scorpion stings you.
You die...

.....#..# #....#.$#
#........ #......(. #
#......h.
###.######........
#@)..............s
#..sh.........<.....
....#.................
#...##..........#......
#... .).........#......
#.. .......... ..##...
#. .......... .......
.. .........# ...#... .
..# ........


You could see a scorpion and a hound.

Vanquished Creatures
  A black bear (D:3)
  An orc priest (D:3)
  An iguana (D:3)
  An orc wizard (D:3)
  Terence (D:3)
  7 gnolls
  2 adders
  A worm (D:3)
  A dart slug (D:4)
  2 orcs (D:3)
  5 ball pythons
  4 endoplasms
  3 giant cockroaches
  9 hobgoblins
  11 jackals (D:3)
  7 kobolds
  3 quokkas
  2 bats (D:3)
  3 frilled lizards
  7 goblins
  A rat (D:3)
73 creatures vanquished.

Notes
Turn   | Place    | Note
-------+----------+-------------------------------------------
     0 | D:1      | safid the Merfolk Ice Elementalist began the quest for the
                  | Orb.
     0 | D:1      | Reached XP level 1. HP: 13/13 MP: 3/3
   454 | D:1      | Reached XP level 2. HP: 20/20 MP: 3/5
   494 | D:1      | Reached skill level 1 in Fighting
   740 | D:1      | Found Gerucor's Distillery.
  1264 | D:2      | Reached XP level 3. HP: 18/26 MP: 6/6
  1384 | D:2      | Learned a level 3 spell: Frozen Ramparts
  2033 | D:3      | Noticed Terence
  2038 | D:3      | Killed Terence
  2039 | D:3      | Reached skill level 5 in Ice Magic
  2039 | D:3      | Reached XP level 4. HP: 26/33 MP: 1/8
  2135 | D:3      | Identified the +4 trident "Famofi" {drain, *Slow rF++ rN+
                  | Int+4}
  2240 | D:3      | Found a runed translucent door.
  2241 | D:3      | Noticed Crazy Yiuf
  2526 | D:3      | Learned a level 3 spell: Ozocubu's Armour
  2713 | D:3      | Reached XP level 5. HP: 36/40 MP: 0/9
  3061 | D:4      | Noticed a black bear
  3255 | D:4      | Reached XP level 6. HP: 42/47 MP: 8/11
  3488 | D:3      | Killed a black bear
  3489 | D:3      | Reached skill level 6 in Ice Magic
  3725 | D:4      | Slain by a scorpion

Illustrated notes

Levels and vault maps discovered:
D:1:      dpeg_arrival_pond, layout_basic, serial_shops,
          nicolae_shop_waterfront, moated_statue
D:2:      layout_loops_corners
D:3:      layout_loops_cross, grunt_ministairs_13, kennysheep_orc_chapel,
          uniq_terence, uniq_crazy_yiuf_cottage
D:4:      layout_cave_pools, temple_doors_e, uniq_ijyb

Skill      XL: |  1  2  3  4  5  6 |
---------------+-------------------+-----
Fighting       | 1 2 3 |  3.9
Ice Magic      | 5 6 |  6.0
Spellcasting   | 3 |  3.9
Dodging        | |  2.6
Stealth        | |  2.1

Action                   |  1- 3 |  4- 6 || total
-------------------------+-------+-------++-------
Melee: Whip              |     2 |       ||     2
 Fire: Hand crossbow     |    44 |    57 ||   101
 Cast: Freeze            |    16 |     3 ||    19
       Frozen Ramparts   |     1 |    14 ||    15
       Ozocubu's Armour  |       |     2 ||     2
  Use: Potion            |       |     2 ||     2
Armor: Robe              |     3 |    26 ||    29
Dodge: Dodged            |    14 |    71 ||    85
